 Dungeon Crawl Stone Soup version 0.25.0-33-gff14898491 (webtiles) character file.

Game seed: 16342450500515938843

6374 MisterFreud the Cleaver (level 10, -5/88 HPs)
             Began as a Minotaur Berserker on July 7, 2020.
             Was a High Priest of Trog.
             Slain by an unseen horror (9 damage)
             ... on level 10 of the Dungeon.
             The game lasted 00:12:32 (9292 turns).

MisterFreud the Cleaver (Minotaur Berserker)        Turns: 9292, Time: 00:12:32

Health: -5/88      AC:  6    Str: 26    XL:     10   Next: 65%
Magic:  9/9        EV:  7    Int:  4    God:    Trog [*****.]
Gold:   393        SH: 11    Dex:  9    Spells: 9/9 levels left

rFire    . . .     SeeInvis .   r - +1 hand axe (vamp)
rCold    + . .     Gourm    .   h - +0 kite shield
rNeg     + . .     Faith    .   E - +0 plate armour
rPois    .         Spirit   .   (helmet restricted)
rElec    .         Reflect  .   (no cloak)
rCorr    .         Harm     .   (no gloves)
MR       .....                  (no boots)
Stlth    ..........             (no amulet)
HPRegen  0.24/turn              j - ring of positive energy
MPRegen  0.11/turn              y - ring of protection from cold

@: corroded
A: retaliatory headbutt, horns 2
a: Berserk, Trog's Hand, Brothers in Arms, Renounce Religion


You were on level 10 of the Dungeon.
You worshipped Trog.
Trog was extremely pleased with you.
You were hungry.

You visited 1 branch of the dungeon, and saw 10 of its levels.

You collected 393 gold pieces.

Inventory:

Hand Weapons
 r - a +1 vampiric hand axe (weapon)
 s - a +0 war axe
Missiles
 e - 54 poisoned darts
 n - 7 atropa-tipped darts
 q - 12 boomerangs (quivered)
 G - 6 curare-tipped darts
Armour
 h - a +0 kite shield (worn)
 E - a +0 plate armour (worn)
Jewellery
 j - a ring of positive energy (left hand)
 y - a ring of protection from cold (right hand)
 D - an uncursed ring of positive energy
Wands
 F - a wand of enslavement (6)
 I - a wand of flame (14)
 K - a wand of digging (8)
 R - a wand of random effects (7)
Scrolls
 a - 2 scrolls of fear {unknown}
 b - a scroll of noise {unknown}
 d - 2 scrolls of immolation {unknown}
 f - 6 scrolls of amnesia {unknown}
 i - 5 scrolls of identify {unknown}
 k - a scroll of fog {unknown}
 l - a scroll of acquirement {unknown}
 m - 4 scrolls of teleportation {unknown}
 p - a scroll of blinking {unknown}
 w - 5 scrolls of remove curse {unknown}
 z - a scroll of enchant armour {unknown}
 B - 5 scrolls of random uselessness {unknown}
 J - a scroll of enchant weapon {unknown}
 M - a scroll of torment {unknown}
 P - a scroll of magic mapping {unknown}
Potions
 g - 4 potions of curing
 o - a potion of ambrosia {unknown}
 t - a potion of flight {unknown}
 u - a potion of invisibility {unknown}
 v - a potion of lignification {unknown}
 x - a potion of brilliance {unknown}
 A - 3 potions of degeneration {unknown}
 C - a potion of heal wounds {unknown}
 O - a potion of mutation {unknown}
 Q - a potion of resistance {unknown}
Miscellaneous
 L - a phantom mirror
 N - a box of beasts
Comestibles
 c - 9 rations
 H - 10 chunks of flesh


   Skills:
 - Level 8.0 Fighting
 + Level 13.7 Axes
 + Level 8.8 Armour
 - Level 2.1 Dodging
 + Level 7.9 Shields


You had 9 spell levels left.
You didn't know any spells.
Your spell library was empty.

Dungeon Overview and Level Annotations

Branches:
Dungeon (10/15)            Temple (0/1) D:6
   Lair: D:8-11         Orc: D:9-12

Altars:
Nemelex Xobeh
Trog

Portals:
Trove: D:10 (lose all piety)

Annotations:
D:7 1 runed translucent door, Setanta's ghost, novice GrFi


Innate Abilities, Weirdness & Mutations

You reflexively headbutt those who attack you in melee.
You have a pair of horns on your head.


Message History

Trog accepts your kill.
You feel sick. Something hits you.
* * * LOW HITPOINT WARNING * * *
Something hits you but does no damage.
You hit something but do no damage. Something hits you but does no damage.
You hit something but do no damage. Something hits you!
* * * LOW HITPOINT WARNING * * *
Something hits you!
* * * LOW HITPOINT WARNING * * *
Unknown command.
You feel better. Something hits you.
* * * LOW HITPOINT WARNING * * *
Unknown command.
You hit something but do no damage. You block something's attack.
Something hits you!
* * * LOW HITPOINT WARNING * * *
You feel better. Something hits you.
* * * LOW HITPOINT WARNING * * *
Something hits you!
You die...

. .. ... .... .....
......### ......†@##
##.#.###{########
#y#O......#
#K#(#......#
#..#.......#
...##.......########
##.##.#......(.......
## ##...............
#...............


You could see an ogre.

Vanquished Creatures
  A troll (D:9)
  A hippogriff (D:7)
  A wyvern (D:9)
  4 yaks (D:9)
  Edmund (D:4)
  A water moccasin (D:5)
  Duvessa (D:5)
  2 orc warriors
  2 ice beasts (D:10)
  A black bear (D:9)
  4 sky beasts
  11 ogres
  6 phantoms
  3 centaurs
  2 big kobolds
  2 bullfrogs
  Dowan (D:5)
  5 scorpions
  4 killer bees (D:10)
  A bullfrog zombie (D:10)
  3 crimson imps
  A quasit (D:8)
  2 centaur zombies
  3 jellies
  7 orc priests
  A centaur skeleton (D:9)
  2 hounds
  3 iguanas
  A bullfrog skeleton (D:8)
  7 orc wizards
  11 worker ants
  A hound skeleton (D:7)
  A worker ant zombie (D:8)
  8 adders
  A shadow imp (D:9)
  2 adder skeletons
  A worm (D:2)
  2 dart slugs
  6 leopard geckos
  26 orcs
  2 ball pythons
  7 giant cockroaches
  7 goblins
  8 hobgoblins
  18 jackals
  4 quokkas
  7 bats
  2 frilled lizards
  16 kobolds
  A leopard gecko skeleton (D:8)
  A quokka skeleton (D:9)
  7 rats
223 creatures vanquished.

Vanquished Creatures (others)
  A hornet (D:8)
  A centaur (D:6)
  An orc priest (D:6)
  2 orcs (D:6)
  2 withered plants (D:7)
7 creatures vanquished.

Grand Total: 230 creatures vanquished

Notes
Turn   | Place    | Note
-------+----------+-------------------------------------------
     0 | D:1      | MisterFreud the Minotaur Berserker began the quest for the
                  | Orb.
     0 | D:1      | Reached XP level 1. HP: 19/19 MP: 0/0
   187 | D:1      | Reached XP level 2. HP: 28/28 MP: 1/1
   667 | D:1      | Reached skill level 5 in Fighting
   953 | D:2      | Reached XP level 3. HP: 36/36 MP: 2/2
  1266 | D:2      | Reached XP level 4. HP: 39/44 MP: 3/3
  1340 | D:2      | Reached ** piety under Trog
  1862 | D:3      | Reached XP level 5. HP: 44/51 MP: 4/4
  2431 | D:4      | Noticed an ogre
  2435 | D:4      | Killed an ogre
  2435 | D:4      | Reached skill level 4 in Axes
  2496 | D:4      | You fall into a shaft and drop 2 floors!
  2496 | D:6      | Noticed an ogre
  2501 | D:6      | Noticed a centaur
  2506 | D:6      | Reached XP level 6. HP: 13/60 MP: 5/5
  2509 | D:6      | Reached skill level 5 in Axes
  2517 | D:6      | Reached skill level 6 in Axes
  2522 | D:6      | Reached *** piety under Trog
  2541 | D:6      | Found Ginaedghaf's Magic Scroll Emporium.
  2570 | D:6      | Reached XP level 7. HP: 7/68 MP: 6/6
  2614 | D:6      | Reached skill level 7 in Axes
  2628 | D:5      | Entered Level 5 of the Dungeon
  3053 | D:5      | Noticed Duvessa
  3054 | D:5      | Noticed Dowan
  3094 | D:5      | Killed Duvessa
  3094 | D:5      | Reached skill level 8 in Axes
  3198 | D:5      | Killed Dowan
  3198 | D:5      | Reached skill level 9 in Axes
  3236 | D:5      | Reached XP level 8. HP: 40/74 MP: 7/7
  3631 | D:4      | Found a sparkling altar of Nemelex Xobeh.
  3632 | D:4      | Noticed Edmund
  3646 | D:4      | Killed Edmund
  3646 | D:4      | Reached skill level 10 in Axes
  3954 | D:4      | You fall into a shaft and drop 2 floors!
  4496 | D:4      | Reached skill level 11 in Axes
  5070 | D:6      | Reached skill level 1 in Shields
  5220 | D:6      | Found a staircase to the Ecumenical Temple.
  5355 | D:6      | Reached **** piety under Trog
  5525 | D:7      | Reached XP level 9. HP: 81/81 MP: 8/8
  5725 | D:7      | Found a runed translucent door.
  5726 | D:7      | Noticed Setanta's ghost (novice GrFi)
  5754 | D:7      | Reached skill level 12 in Axes
  5906 | D:7      | Reached skill level 5 in Armour
  6413 | D:7      | Found a bloodstained altar of Trog.
  7235 | D:8      | Reached skill level 5 in Shields
  8001 | D:8      | Paralysed by a hornet for 3 turns
  8006 | D:8      | Paralysed by a hornet for 2 turns
  8340 | D:9      | Reached XP level 10. HP: 82/88 MP: 9/9
  8346 | D:9      | Reached skill level 13 in Axes
  8602 | D:9      | Reached ***** piety under Trog
  9020 | D:10     | Entered Level 10 of the Dungeon
  9131 | D:10     | Found a portal to a secret trove of treasure.
  9292 | D:10     | HP: 4/88 [something (6)]
  9292 | D:10     | Slain by an unseen horror

Illustrated notes

Levels and vault maps discovered:
D:1:      heliophobic_arrival_battle_scene, layout_basic
D:2:      layout_loops_ring
D:3:      layout_rooms
D:4:      layout_loops_ring, nemelex_xobeh_ov_fountains_minmay, uniq_edmund
D:5:      layout_cave_pods, first_ration, uniq_duvessa
D:6:      layout_rooms, lemuel_temple_firewalk_b, serial_shops, shop,
          grunt_ministairs_9
D:7:      layout_loops_corners, gammafunk_ghost_grave, minivault_1, bloody_trog
D:8:      layout_layer_cave, hangedman_pestilent_swarm
D:9:      layout_basic
D:10:     layout_rooms, nicolae_trove_entry_crossroad, minmay_another_anthill

Skill      XL: |  1  2  3  4  5  6  7  8  9 10 |
---------------+-------------------------------+-----
Fighting       | 4 5 6 7 8 |  8.0
Axes           | 4 6 9 11 12 13 | 13.7
Armour         | 4 7 8 |  8.8
Shields        | 2 6 7 |  7.9
Dodging        | |  2.1

Action                   |  1- 3 |  4- 6 |  7- 9 | 10-12 || total
-------------------------+-------+-------+-------+-------++-------
Melee: Hand axe          |    51 |    92 |   360 |   239 ||   742
       Headbutt          |    10 |    20 |    63 |    58 ||   151
Throw: Boomerang         |       |       |     2 |       ||     2
Invok: Trog's Hand       |       |     1 |     1 |     2 ||     4
Evoke: Wand              |       |       |     3 |       ||     3
  Use: Potion            |       |     2 |       |     2 ||     4
  Eat: Chunk             |     1 |     5 |    14 |     4 ||    24
       Ration            |       |       |     1 |       ||     1
Armor: Animal skin       |     8 |    10 |    11 |       ||    29
       Scale mail        |       |       |    29 |       ||    29
       Plate armour      |       |       |    52 |   117 ||   169
Dodge: Dodged            |    46 |    88 |   112 |    28 ||   274
Block: Kite shield       |       |       |    60 |   100 ||   160
